 Dungeon Crawl Stone Soup version 0.20.0-10-g0535bb4 (webtiles) character file.

169 maniacrov the Poker (level 5, -1/42 HPs)
             Began as a Merfolk Monk on June 4, 2017.
             Slain by a phantom (8 damage)
             ... on level 4 of the Dungeon.
             The game lasted 00:12:42 (2260 turns).

maniacrov the Poker (Merfolk Monk)                  Turns: 2260, Time: 00:12:43

Health: -1/42      AC:  3    Str: 12    XL:     5   Next: 50%
Magic:  5/5        EV: 14    Int:  9    God:
Gold:   99         SH:  0    Dex: 17    Spells: 4/4 levels left

rFire    + . .     SeeInvis .   a - +0 spear
rCold    x . .     Gourm    .   (no shield)
rNeg     . . .     Faith    .   h - +0 leather armour {rPois}
rPois    +         Spirit   .   (no helmet)
rElec    .         Reflect  .   (no cloak)
rCorr    .         Harm     .   (no gloves)
MR       .....                  (no boots)
Stlth    ++........             (no amulet)
Regen    0.2/turn               p - ring of fire
MPRegen  0.1/turn               (no ring)

@: very slightly contaminated
A: change form in water, swift swim, stealthy swim
a: no special abilities


You were on level 4 of the Dungeon.
You were not hungry.

You visited 1 branch of the dungeon, and saw 4 of its levels.

You collected 99 gold pieces.

Inventory:

Hand Weapons
 a - a +0 spear (weapon)
 j - a +0 spear
 n - a +0 trident
Armour
 b - a +0 robe
 h - a +0 leather armour of poison resistance (worn)
 l - a +0 robe
Jewellery
 p - a ring of fire (left hand)
Scrolls
 d - 2 scrolls of teleportation
Potions
 c - a potion of berserk rage {unknown}
 e - a potion of lignification
 i - a potion of mutation {unknown}
 k - a potion of agility {unknown}
 m - 2 potions of haste {unknown}
 o - 2 potions of curing {unknown}
Comestibles
 g - a meat ration


   Skills:
 + Level 4.0 Fighting
 + Level 6.6 Polearms
 + Level 0.4 Armour
 + Level 5.0 Dodging
 + Level 3.1 Stealth


You had 4 spell levels left.
You didn't know any spells.

Dungeon Overview and Level Annotations

Branches:
Dungeon (4/15)
 Temple: D:4-7

Altars:
Dithmenos


Message History

You hit the phantom but do no damage.
The phantom is almost destroyed.
You hit the phantom.
The phantom is almost destroyed.
The phantom blinks!
Attack whom?
Press: ? - help, Dir - move target cursor, f/p - phantom
Aim: a phantom (black smoke, almost destroyed)
You reach to attack!
You hit the phantom but do no damage.
The phantom is almost destroyed.
The phantom blinks!
Attack whom?
Press: ? - help, Dir - move target cursor, f/p - phantom
Aim: a phantom (black smoke, almost destroyed)
You reach to attack!
You barely miss the phantom.
The phantom is almost destroyed.
You barely miss the phantom.
The phantom is almost destroyed.
The phantom hits you!
You die...

#..# ..###( #†.###
..... #....# ##...##
###.######...§§##
#...#####§§§§§§§## #
#......#§§§§§§§§§#.#
#...##...§§..§§§§§.#
##..##§...§§_..§.[.#
....##.§.§§§@W§....#
........#§§§§§§§§§###
########.##§§§§§§§##
#.###§.§§§## #.#
##..§# #.. ..§§# ###
######


You could see a phantom.

Vanquished Creatures
  Jessica (D:2)
  2 worker ants (D:4)
  A gnoll (D:2)
  A howler monkey skeleton (D:4)
  An adder (D:4)
  An ooze (D:4)
  A worm (D:2)
  A leopard gecko (D:4)
  5 orcs (D:3)
  A giant cockroach (D:2)
  8 goblins
  8 hobgoblins
  3 jackals (D:2)
  2 quokkas (D:2)
  9 bats
  A frilled lizard (D:1)
  5 kobolds
  6 rats
57 creatures vanquished.

Notes
Turn   | Place    | Note
-------+----------+-------------------------------------------
     0 | D:1      | maniacrov the Merfolk Monk began the quest for the Orb.
     0 | D:1      | Reached XP level 1. HP: 18/18 MP: 1/1
   255 | D:1      | Reached XP level 2. HP: 24/24 MP: 2/2
   681 | D:2      | Reached skill level 5 in Polearms
   734 | D:2      | Reached XP level 3. HP: 28/29 MP: 3/3
   740 | D:2      | Noticed Jessica
   749 | D:2      | Killed Jessica
   806 | D:2      | Reached XP level 4. HP: 33/37 MP: 4/4
  1306 | D:3      | Reached skill level 6 in Polearms
  1852 | D:4      | Reached XP level 5. HP: 33/42 MP: 5/5
  1939 | D:4      | Reached skill level 5 in Dodging
  2199 | D:4      | Found a shadowy altar of Dithmenos.
  2210 | D:4      | Noticed a phantom
  2260 | D:4      | Slain by a phantom

Skill      XL: |  1  2  3  4  5 |
---------------+----------------+-----
Polearms       | 5 6 |  6.6
Stealth        | 3 |  3.1
Dodging        | 5 |  5.0
Fighting       | 4 |  4.0
Armour         | |  0.4

Action                   |  1- 3 |  4- 6 || total
-------------------------+-------+-------++-------
Melee: Spear             |   112 |   172 ||   284
  Use: Scroll            |       |     8 ||     8
       Potion            |       |     1 ||     1
 Stab: Sleeping          |     7 |     8 ||    15
  Eat: Bread ration      |       |     1 ||     1
Armor: Robe              |    19 |     1 ||    20
       Skin              |       |    15 ||    15
       Leather armour    |       |     9 ||     9
Dodge: Dodged            |    71 |    88 ||   159
